 Dungeon Crawl Stone Soup version 0.31.0-7-gf635a9b802 (webtiles) character file.

Game seed: 6703212796957627298

95 SnakkuSnakku7 the Cudgeller (level 4, 35/35 HPs)
             Began as a Djinni Monk on Jan 24, 2024.
             Was a Believer of Jiyva.
             Quit the game on level 2 of the Dungeon.
             The game lasted 00:01:26 (1235 turns).

SnakkuSnakku7 the Cudgeller (Djinni Monk)           Turns: 1235, Time: 00:01:26

Health: 35/35      AC:  9    Str: 12    XL:     4   Next: 97%
Gold:   88         EV: 11    Int: 11    God:    Jiyva [**....] SH:  0 Dex: 16

rFire   + + .        p - +1 mace (antimagic)
rCold   x . .        d - orb {light}
rNeg    . . .        g - +0 ring mail
rPois   ∞            (no helmet)
rElec   .            k - +0 cloak
rCorr   +            q - +2 pair of gloves
SInv    .            (boots unavailable)
Will    .....        l - amulet of faith
Stlth   +            (no ring)
HPRegen 1.21/turn    (no ring)
MPRegen 0.00/turn

%: faith
@: flying, glowing
A: sickness immunity, fire resistance 2, cold vulnerability 1, float, innate
caster, HP casting, extra vitality 1
a: Renounce Religion


You were on level 2 of the Dungeon.
You worshipped Jiyva.
Jiyva was pleased with you.
You visited 1 branch of the dungeon, and saw 2 of its levels.

You collected 88 gold pieces.

Inventory:

Hand Weapons
 a - a +0 mace
 p - a +1 antimagic mace (weapon)
Armour
 b - a +0 robe
 d - an orb of light (worn)
 g - a +0 ring mail (worn)
 k - a +0 cloak (worn)
 q - a +2 pair of gloves (worn)
Jewellery
 l - an amulet of faith (around neck)
Scrolls
 e - 2 scrolls of immolation {unknown}
 h - 2 scrolls of vulnerability {unknown}
 i - a scroll of blinking {unknown}
 j - 4 scrolls of enchant weapon {unknown}
 m - a scroll of identify {unknown}
 o - a scroll of amnesia {unknown}
Potions
 c - a potion of ambrosia
 f - 2 potions of enlightenment {unknown}
 n - a potion of lignification {unknown}


   Skills:
 - Level 3.0 Fighting
 + Level 4.3 Maces & Flails
 - Level 3.2 Dodging


You knew the following spells:

 Your Spells              Type           Power      Damage    Failure   Level
a - Summon Small Mammal   Summ           0%         N/A       63%         1
Your spell library was empty.

Dungeon Overview and Level Annotations

Branches:
Dungeon (2/15)

Altars:
Jiyva


Innate Abilities, Weirdness & Mutations

You are immune to sickness and miasma.
You are immune to poison.
Your flesh is very heat resistant. (rF++)
You are vulnerable to cold. (rC-)
You float through the air rather than walking.
You learn spells naturally, not from books.
Your magical power is your life essence.
You have superior vitality. (+4 MHP)


Message History

The jackal is lightly wounded.
The jackal bites you but does no damage.
The jackal barely misses you.
The jackal bites you but does no damage. x4
Unknown command.
You hit the jackal.
You kill the jackal!
The jackal bites you but does no damage. x2
The jackal bites you.
Unknown command.
You hit the jackal.
The jackal is severely wounded.
The jackal bites you but does no damage. x3
Unknown command.
You barely miss the jackal.
The jackal is severely wounded.
The jackal bites you but does no damage. x2
The jackal completely misses you.
You hear a distant slurping noise.
The jackal bites you but does no damage.
The jackal barely misses you. The jackal closely misses you.
You barely miss the jackal.
The jackal is severely wounded.
The jackal misses you. The jackal barely misses you.
The jackal bites you but does no damage.
The jackal barely misses you. x2; The jackal closely misses you.
You hit the jackal.
You kill the jackal!
The jackal completely misses you. The jackal closely misses you.
You hit the jackal.
The jackal is lightly wounded.
The jackal bites you but does no damage.
The jackal misses you. The jackal completely misses you.
The jackal bites you but does no damage.
You hit the jackal.
The jackal is heavily wounded.
The jackal bites you but does no damage.
The jackal misses you. The jackal closely misses you.
The jackal bites you but does no damage.
Are you sure you want to abandon this character and quit the game? (Confirm with "yes".)

####.#.#_#..# ..##.#.†#...#
............# .##.##.###..#
.###.#.# #.## .....#.###.##
.##.........#
.....#.#..#.#########.##
.........†......@h...... .#
..##.##.....####†h...... .#
...#.##..#.## #############.# ..#
##.#.##.#### ........#.#..#...#
.....##..#.## ###....#.....#....
##.####.....####..#..#......#.<..
##.####............##........S...
.....##.......)....##............
.#.#.##......#.#..#..#...........


You could see 2 jackals.

Vanquished Creatures
  Terence (D:2)
  3 adders (D:2)
  A dart slug (D:1)
  2 endoplasms (D:1)
  2 giant cockroaches
  4 goblins
  4 hobgoblins
  6 jackals (D:2)
  6 kobolds
  A quokka (D:1)
  3 ball pythons
  2 bats
  A frilled lizard (D:1)
  4 rats
40 creatures vanquished.

Notes
Turn   | Place    | Note
-------+----------+-------------------------------------------
     0 | D:1      | SnakkuSnakku7 the Djinni Monk began the quest for the Orb.
     0 | D:1      | Reached XP level 1. HP: 20/20 MP: 0/0
   105 | D:1      | Reached XP level 2. HP: 18/25 MP: 0/0
   174 | D:1      | Reached skill level 3 in Maces & Flails
   711 | D:1      | Reached XP level 3. HP: 30/30 MP: 0/0
   711 | D:1      | Learned a level 1 spell: Summon Small Mammal
   969 | D:2      | Noticed Terence
   981 | D:2      | Killed Terence
   982 | D:2      | Reached XP level 4. HP: 17/35 MP: 0/0
   993 | D:2      | Reached skill level 4 in Maces & Flails
  1159 | D:2      | Found a faded altar of an unknown god.
  1167 | D:2      | Prayed at the altar of an unknown god.
  1167 | D:2      | Became a worshipper of Jiyva Jaoczos the Shapeless
  1167 | D:2      | Reached * piety under Jiyva
  1167 | D:2      | Reached ** piety under Jiyva
  1235 | D:2      | Quit the game

Illustrated notes

Levels and vault maps discovered:
D:1:      scummos_arrival_hexagon, layout_basic, minmay_misc_feat_iff
D:2:      layout_loops_cross, chequers_ecumenical_altar_simple,
          nicolae_half_adder, uniq_terence

Skill      XL: |  1  2  3  4 |
---------------+-------------+-----
Maces & Flails | 3 4 |  4.3
Fighting       | |  3.0
Dodging        | |  3.2

Action                     |  1- 3 |  4- 6 || total
---------------------------+-------+-------++-------
  Melee: Mace              |    60 |    51 ||   111
 Armour: Robe              |     4 |       ||     4
         Ring mail         |    28 |    68 ||    96
  Dodge: Dodged            |    26 |    80 ||   106
